[Event "Titled Tuesday Blitz March 14 Late 2023"]
[White "Lopez Perdomo, Juan David"]
[Black "Dorato, Adriano"]
[WhiteFideId "4405137"]
[BlackFideId "2802894"]
[WhiteElo "1965"]
[BlackElo "1709"]
[Result "1-0"]
[Round "07"]
[TimeControl "180+2"]
[Date "2023.03.14"]
[WhiteClock "0:00:17"]
[BlackClock "0:00:10"]

1. e4 c5 2. d4 cxd4 3. c3 Nf6 4. e5 Nd5 5. Nf3 Nc6 6. cxd4 d6 7. exd6 Qxd6 8. Be2 g6 9. O-O Bg7 10. Nc3 O-O 11. Bg5 Be6 12. Bh4 Nf4 13. Bg3 Nxe2+ 14. Qxe2 Nxd4 15. Nxd4 Qxd4 16. Rad1 Qb4 17. a3 Qb6 18. Nb5 Rac8 19. b4 Bc4 20. Qxe7 Qxb5 21. Rfe1 Rfe8 22. Qh4 Rxe1+ 23. Rxe1 Qa4 24. Rc1 Qxa3 25. Bf4 Bb2 26. Re1 Be6 27. h3 Bc1 28. Be5 Bb2 29. Bf4 Qxb4 30. f3 Qd4+ 31. Kh2 Qf6 32. Bg5 Qg7 33. Bh6 Qe5+ 34. Bf4 Qa5 35. Rb1 Bf5 36. Rxb2 Qc3 37. Rxb7 a5 38. Qe7 Be6 39. Qg5 Qg7 40. Be5 Qf8 41. Qf6 1-0


[Site "https://www.chess.com"]

[Event "Titled Tuesday Blitz March 14 Late 2023"]
[White "Nakamura, Hikaru"]
[Black "Khismatullin, Denis"]
[WhiteFideId "2016192"]
[BlackFideId "4142578"]
[WhiteElo "2879"]
[BlackElo "2531"]
[Result "1-0"]
[Round "08"]
[TimeControl "180+2"]
[Date "2023.03.14"]
[WhiteClock "0:00:04"]
[BlackClock "0:00:10"]

1. Nf3 Nf6 2. b3 d5 3. Bb2 Bg4 4. g3 Bxf3 5. exf3 e6 6. Bg2 g6 7. O-O Bg7 8. c4 O-O 9. f4 Nc6 10. Nc3 dxc4 11. bxc4 Qd3 12. Re1 Rfd8 13. Nb5 Qxc4 14. a4 a6 15. Rc1 Qb4 16. Bc3 Qe7 17. Bxc6 axb5 18. Bxb5 c6 19. Bc4 Nd5 20. Bxg7 Kxg7 21. Qb3 Rd7 22. Rb1 Nf6 23. d3 Qd6 24. Qc2 Ra5 25. Rb2 Rc5 26. Qb1 Qc7 27. Qa1 Ra5 28. Ra2 h5 29. h4 Qd8 30. Rb1 Kh7 31. Qc3 Ng4 32. Bb3 Qb6 33. Rab2 Qa7 34. Bd1 Nh6 35. Rxb7 Rxb7 36. Rxb7 Qxb7 37. Qxa5 Qb1 38. Qd2 Nf5 39. Kg2 Qa1 40. a5 Nd4 41. Bf3 Kg7 42. Be4 Kh7 43. Bf3 Kg7 44. Bd1 Kh7 45. Qb4 Kg7 46. Qa4 Qc3 47. a6 Qxd3 48. a7 Qe4+ 49. f3 Qe3 50. a8=Q Qd2+ 51. Kh3 Qe1 52. Qxd4+ 1-0


[Site "https://www.chess.com"]

[Event "Titled Tuesday Blitz March 14 Late 2023"]
[White "Svane, Rasmus"]
[Black "Naroditsky, Daniel"]
[WhiteFideId "4657101"]
[BlackFideId "2026961"]
[WhiteElo "2597"]
[BlackElo "2633"]
[Result "1/2-1/2"]
[Round "08"]
[TimeControl "180+2"]
[Date "2023.03.14"]
[WhiteClock "0:01:56"]
[BlackClock "0:01:55"]

1. Nf3 Nf6 2. d4 g6 3. Nbd2 d5 4. b3 Bg7 5. Bb2 O-O 6. e3 b6 7. Be2 Bb7 8. O-O c5 9. c4 cxd4 10. Nxd4 Nc6 11. Rc1 Rc8 12. h3 Nxd4 13. Bxd4 dxc4 14. Rxc4 Qd7 15. Bf3 Ba6 16. Rxc8 Rxc8 17. Re1 Bb7 18. Bxb7 Qxb7 19. Qb1 1/2-1/2


[Site "https://www.chess.com"]

[Event "Titled Tuesday Blitz March 14 Late 2023"]
[White "Deac, Bogdan-Daniel"]
[Black "Erigaisi Arjun"]
[WhiteFideId "1226380"]
[BlackFideId "35009192"]
[WhiteElo "2649"]
[BlackElo "2737"]
[Result "0-1"]
[Round "08"]
[TimeControl "180+2"]
[Date "2023.03.14"]
[WhiteClock "0:00:02"]
[BlackClock "0:00:09"]

1. d4 d6 2. e4 g6 3. c4 Bg7 4. Nc3 Nf6 5. Be2 O-O 6. Be3 Nc6 7. d5 Ne5 8. f4 Neg4 9. Bd2 Nh6 10. Nf3 c6 11. a4 e6 12. dxe6 Bxe6 13. O-O Re8 14. Bd3 Bg4 15. a5 Nd7 16. h3 Nc5 17. Bc2 Be6 18. f5 Bxc4 19. Qc1 Bxf1 20. Kxf1 Nxe4 21. Bxe4 d5 22. Bd3 Nxf5 23. Bxf5 gxf5 24. Ne2 Qd6 25. Bc3 Re4 26. Bxg7 Kxg7 27. Qc3+ Kg8 28. Qd2 Rae8 29. Nc3 Re3 30. a6 b5 31. Re1 Qf4 32. Rxe3 Rxe3 33. Qd1 Qc4+ 34. Kf2 f4 35. Ne2 Rd3 36. Qe1 Qe4 37. Qc1 Qe3+ 38. Ke1 c5 39. Qc2 c4 40. Nd2 b4 41. Nf3 b3 42. Qc1 Qxc1+ 43. Nxc1 Re3+ 44. Kd2 c3+ 45. bxc3 b2 0-1


[Site "https://www.chess.com"]

[Event "Titled Tuesday Blitz March 14 Late 2023"]
[White "Bortnyk, Olexandr"]
[Black "Caruana, Fabiano"]
[WhiteFideId "14120828"]
[BlackFideId "2020009"]
[WhiteElo "2734"]
[BlackElo "2818"]
[Result "1-0"]
[Round "08"]
[TimeControl "180+2"]
[Date "2023.03.14"]
[WhiteClock "0:00:02"]
[BlackClock "0:00:01"]

1. d4 Nf6 2. Nc3 d5 3. Bf4 e6 4. Nb5 Na6 5. e3 Be7 6. Nf3 O-O 7. Ne5 c6 8. Nc3 c5 9. Bxa6 bxa6 10. Nc6 Qd7 11. Nxe7+ Qxe7 12. O-O a5 13. Re1 Ba6 14. Bg5 h6 15. Bxf6 Qxf6 16. dxc5 Rab8 17. Rb1 Rfd8 18. a3 Rbc8 19. e4 d4 20. e5 Qg6 21. Ne4 Bb7 22. Ng3 Rxc5 23. c3 d3 24. Qd2 a4 25. Re3 h5 26. h4 Ba6 27. Rbe1 Rc4 28. Ne4 Bb7 29. Rg3 Rxe4 30. Rxe4 Qxg3 31. fxg3 Bxe4 32. Kf2 Bc6 33. c4 Rd4 34. Qc3 Rd7 35. Qd2 Rd4 36. Ke3 Rxc4 37. Qxd3 Bd5 38. Kd2 Rg4 39. Qe3 Bxg2 40. Qxa7 Bd5 41. Qb8+ Kh7 42. Qc7 Kg6 43. Qd7 Bb3 44. Qd3+ Kh6 45. Qe3+ Kh7 46. Qd3+ g6 47. Ke1 Kg7 48. Qf3 Rc4 49. Qf6+ Kg8 50. Qd8+ Kh7 51. Kf2 Rc2+ 52. Ke3 Rc5 53. Kf4 Rd5 54. Qe7 Kg7 55. Qf6+ Kg8 56. Kg5 Kf8 57. Kh6 Ke8 58. Kg7 Kd7 59. Kxf7 Rd4 60. Qxg6 Rg4 61. Qxh5 Rxg3 62. Qe2 Rh3 63. h5 Kc6 64. Qg2+ Bd5 65. Qxh3 1-0


[Site "https://www.chess.com"]

[Event "Titled Tuesday Blitz March 14 Late 2023"]
[White "Steinberg, Nitzan"]
[Black "Duda, Jan-Krzysztof"]
[WhiteFideId "2801795"]
[BlackFideId "1170546"]
[WhiteElo "2486"]
[BlackElo "2790"]
[Result "0-1"]
[Round "08"]
[TimeControl "180+2"]
[Date "2023.03.14"]
[WhiteClock "0:00:03"]
[BlackClock "0:00:03"]

1. e4 c5 2. Nf3 d6 3. d4 cxd4 4. Nxd4 Nf6 5. Nc3 a6 6. g3 e5 7. Nb3 Be7 8. Bg2 O-O 9. O-O b5 10. Be3 Nbd7 11. a4 b4 12. Nd5 a5 13. c3 bxc3 14. Nxc3 Bb7 15. Re1 Qb8 16. Rc1 Rc8 17. h3 h6 18. Kh2 Bc6 19. Nb5 Qb7 20. Bd2 Bxb5 21. Rxc8+ Rxc8 22. Nxa5 Bxa4 23. Qxa4 Qxb2 24. Be3 Ra8 25. Qb3 Qxb3 26. Nxb3 Kf8 27. Rc1 Bd8 28. Rc6 Ke7 29. Nd2 Nb8 30. Rc2 Nfd7 31. Bf1 Bb6 32. Nc4 Bd4 33. Rd2 Nc6 34. Kg2 Ra1 35. Be2 Nc5 36. Bf3 Bxe3 37. Nxe3 Nd4 38. Rb2 g6 39. h4 h5 40. Nd5+ Kf8 41. Nf6 Nd3 42. Rb8+ Kg7 43. Ne8+ Kh6 44. g4 Ne1+ 45. Kg3 Nexf3 46. g5+ Nxg5 47. hxg5+ Kxg5 48. Nxd6 Ra3+ 49. Kg2 f6 50. Rg8 Ne6 51. Nf7+ Kh4 52. Nh8 Nf4+ 53. Kh2 g5 54. Ng6+ Nxg6 55. Rxg6 Rf3 56. Kg2 Kg4 57. Rh6 h4 58. Rh8 Rf4 59. Rh6 h3+ 60. Rxh3 Rxf2+ 0-1


[Site "https://www.chess.com"]

[Event "Titled Tuesday Blitz March 14 Late 2023"]
[White "Vachier-Lagrave, Maxime"]
[Black "Ibarra Jerez, Jose Carlos"]
[WhiteFideId "623539"]
[BlackFideId "2226332"]
[WhiteElo "2740"]
[BlackElo "2638"]
[Result "0-1"]
[Round "08"]
[TimeControl "180+2"]
[Date "2023.03.14"]
[WhiteClock "0:01:28"]
[BlackClock "0:00:53"]

1. d4 Nf6 2. Bf4 d5 3. e3 c5 4. c3 Nc6 5. Nd2 e6 6. Bd3 Bd6 7. Bg3 e5 8. Ne2 O-O 9. O-O Re8 10. dxc5 Bxc5 11. e4 Bg4 12. h3 dxe4 13. Nxe4 Nxe4 14. hxg4 Ng5 15. Qc2 e4 16. Bb5 Qb6 17. a4 a6 18. Bc4 Ne5 19. Bxe5 Rxe5 20. b4 Bd6 21. Rad1 Qc7 22. Rd4 Re7 23. Qb3 Bh2+ 24. Kh1 Be5 25. Rdd1 Qc6 26. g3 Qh6+ 27. Kg2 Qh3+ 28. Kg1 Nf3# 0-1


[Site "https://www.chess.com"]

[Event "Titled Tuesday Blitz March 14 Late 2023"]
[White "Hansen, Eric"]
[Black "Dubov, Daniil"]
[WhiteFideId "2606771"]
[BlackFideId "24126055"]
[WhiteElo "2569"]
[BlackElo "2802"]
[Result "1/2-1/2"]
[Round "08"]
[TimeControl "180+2"]
[Date "2023.03.14"]
[WhiteClock "0:00:10"]
[BlackClock "0:00:09"]

1. e4 c5 2. Nf3 e6 3. d4 cxd4 4. Nxd4 a6 5. Nc3 b5 6. Bd3 Bb7 7. O-O Nc6 8. Nxc6 Bxc6 9. Re1 Bd6 10. Qf3 Ne7 11. Bg5 f6 12. Bd2 O-O 13. Qh3 Ng6 14. Ne2 Qc7 15. Nd4 Bb7 16. Rad1 Bc5 17. c3 Rae8 18. Qg3 Bd6 19. Qh3 Bf4 20. Be3 Re7 21. Nb3 Bd6 22. Bb1 Nf4 23. Qf3 Be5 24. Bc5 d6 25. Be3 f5 26. Nd4 Nd3 27. Bxd3 fxe4 28. Qh3 Bxd4 29. Bxe4 Bxe4 30. Bxd4 Bf5 31. Qh4 e5 32. Be3 Re6 33. f3 Rg6 34. Rd2 Bc8 35. Qb4 Bb7 36. Rf2 Rxf3 37. Qb3+ Qf7 38. Ree2 Qxb3 39. axb3 Rxf2 40. Rxf2 Re6 41. Rd2 a5 42. Bb6 a4 43. bxa4 bxa4 44. Bc7 d5 45. Ba5 Kf7 46. Rf2+ Ke8 47. Bb4 Rf6 48. Re2 Re6 49. Rf2 Rf6 50. Re2 e4 51. Bc5 Kd7 52. Bd4 Rf7 53. Rf2 Re7 54. Rf5 g6 55. Rf6 Bc6 56. Kf2 Kc7 57. Ke3 Rd7 58. Bc5 Bb5 59. Kd4 Bc4 60. g4 Kb7 61. h4 Kc7 62. Bb6+ Kb7 63. Bc5 Rc7 64. Rb6+ Kc8 65. Rf6 Rb7 66. Rf8+ Kd7 67. Rf7+ Kc6 68. Rxb7 Kxb7 69. Bd6 Kc6 70. Bf4 Kd7 71. Ke5 Kc6 72. Kd4 Be2 73. g5 Bf3 74. Be3 Kd6 75. Bf2 Ke6 76. Ke3 Kf5 77. Be1 Kg4 78. Bf2 Kh3 79. Kd2 Kg2 80. Ke1 Bg4 81. Bd4 Kf3 82. Kd2 Kg3 83. Ke3 Kxh4 84. Bf6 Kg3 85. Be7 Bf5 86. Bd8 Kg4 87. Be7 Kh5 88. Kf4 Be6 89. Bd8 h6 90. gxh6 Kxh6 91. Ke5 Bg8 92. Kf4 Kh5 93. Bf6 Be6 94. Be7 Bf5 95. Bd8 Kh6 96. Bh4 Be6 97. Be7 Bf7 98. Bd8 Kg7 99. Be7 Be6 100. Ke5 Kf7 101. Bg5 Bf5 102. Kxd5 Ke8 103. c4 Kd7 104. c5 Kc8 105. c6 Kc7 106. Kc5 Be6 107. Bf4+ Kc8 108. Kd6 Bf5 109. Bg5 Bg4 110. Bf4 Bf3 111. Bg5 Bg2 112. Bf4 Bh3 113. Be3 Bg2 114. Bg5 e3 115. Bxe3 a3 116. bxa3 Bxc6 117. Kxc6 Kb8 118. Bf4+ Ka8 119. Kb6 g5 120. Bxg5 Kb8 121. a4 Ka8 122. a5 Kb8 123. a6 Ka8 124. a7 1/2-1/2


[Site "https://www.chess.com"]

[Event "Titled Tuesday Blitz March 14 Late 2023"]
[White "Bluebaum, Matthias"]
[Black "Ozen, Bahadir"]
[WhiteFideId "24651516"]
[BlackFideId "6337058"]
[WhiteElo "2638"]
[BlackElo "2503"]
[Result "1-0"]
[Round "08"]
[TimeControl "180+2"]
[Date "2023.03.14"]
[WhiteClock "0:00:13"]
[BlackClock "0:00:13"]

1. d4 d5 2. c4 c6 3. Nf3 Nf6 4. Nc3 e6 5. Qc2 Nbd7 6. e4 dxe4 7. Nxe4 Nxe4 8. Qxe4 Bb4+ 9. Bd2 Bxd2+ 10. Nxd2 O-O 11. Be2 e5 12. dxe5 Re8 13. f4 f6 14. Bh5 Nc5 15. Qe3 Nd3+ 16. Kf1 g6 17. Be2 Nxe5 18. fxe5 Rxe5 19. Qc3 Qe7 20. Bf3 Bf5 21. Nb3 Re3 22. Qc1 Re8 23. Kf2 Rxb3 24. axb3 Qc5+ 25. Kg3 g5 26. Re1 Qd6+ 27. Kf2 Qc5+ 28. Re3 g4 29. b4 Qd4 30. Qc3 Qd8 31. Rxe8+ Qxe8 32. Re1 Qd8 33. Be4 Bc8 34. Qd3 Qb6+ 35. c5 Qxb4 36. Qd8+ Kg7 37. Qe7+ Kg8 38. Qxh7+ Kf8 39. Qh8+ Kf7 40. Qh7+ Kf8 41. Qh6+ Kg8 42. Bh7+ 1-0


[Site "https://www.chess.com"]

[Event "Titled Tuesday Blitz March 14 Late 2023"]
[White "Daneshvar, Bardiya"]
[Black "Chigaev, Maksim"]
[WhiteFideId "12576468"]
[BlackFideId "4108116"]
[WhiteElo "2468"]
[BlackElo "2547"]
[Result "1-0"]
[Round "08"]
[TimeControl "180+2"]
[Date "2023.03.14"]
[WhiteClock "0:00:05"]
[BlackClock "0:00:01"]

1. b3 g6 2. Bb2 Nf6 3. Nf3 d5 4. c4 Bg7 5. cxd5 O-O 6. g3 Qxd5 7. Bg2 Qh5 8. Nc3 Bh3 9. O-O Ng4 10. Nh4 Bxg2 11. Kxg2 Nc6 12. h3 Nf6 13. d4 Rad8 14. e3 Qa5 15. Qe2 e5 16. dxe5 Nxe5 17. Rfd1 c6 18. Nf3 Nxf3 19. Qxf3 Nd7 20. Na4 Bxb2 21. Nxb2 Nb6 22. e4 Rxd1 23. Nxd1 Re8 24. Nc3 Nd7 25. Rd1 Ne5 26. Qe3 f6 27. Qd4 Kg7 28. b4 Qb6 29. f4 Nf7 30. Qxb6 axb6 31. Rd7 Kg8 32. Rxb7 b5 33. Rc7 Nd6 34. Rxc6 Nxe4 35. Nxb5 Rd8 36. g4 Rd2+ 37. Kf3 f5 38. gxf5 gxf5 39. Ke3 Rxa2 40. Nd4 Ra3+ 41. Ke2 Ng3+ 42. Kf2 Nh5 43. b5 Ra4 44. b6 Rxd4 45. b7 Rxf4+ 46. Ke3 Rb4 47. Rc8+ Kg7 48. b8=Q Rxb8 49. Rxb8 Kg6 50. h4 h6 51. Rb6+ Kg7 52. Kf3 Kh7 53. Re6 Kg7 54. Ra6 Kh7 55. Ke3 Kg7 56. Kd4 Nf4 57. Ke5 Ng6+ 58. Kxf5 Nxh4+ 59. Ke6 h5 60. Ra1 Kh6 61. Kf6 Nf3 62. Ra8 Kh7 63. Ra7+ Kh6 64. Ra8 Kh7 65. Ra3 Nd4 66. Rd3 Ne2 67. Rd7+ Kh6 68. Rd8 Kh7 69. Kg5 h4 70. Rd7+ Kg8 71. Kg4 Ng3 72. Kxh4 Ne4 73. Ra7 Kf8 74. Kg4 Nd6 75. Kg5 Ke8 76. Kf6 Ne4+ 77. Ke6 Nc5+ 78. Kd5 Nd3 79. Ra4 1-0


[Site "https://www.chess.com"]

[Event "Titled Tuesday Blitz March 14 Late 2023"]
[White "Makhnev, Denis"]
[Black "Ruiz Castillo, Joshua Daniel"]
[WhiteFideId "13707647"]
[BlackFideId "4400704"]
[WhiteElo "2525"]
[BlackElo "2491"]
[Result "0-1"]
[Round "08"]
[TimeControl "180+2"]
[Date "2023.03.14"]
[WhiteClock "0:00:01"]
[BlackClock "0:00:06"]

1. d4 d5 2. c4 e6 3. Nf3 a6 4. Nbd2 Nf6 5. Qc2 Nbd7 6. g3 b6 7. Bg2 Bb7 8. cxd5 exd5 9. O-O Bd6 10. Nh4 O-O 11. Nf5 Re8 12. Nxd6 cxd6 13. e3 Ne4 14. Nxe4 dxe4 15. Bd2 Rc8 16. Qb3 Nf6 17. Rfc1 Re7 18. Bh3 Rxc1+ 19. Rxc1 Rc7 20. Rc3 Rxc3 21. bxc3 d5 22. c4 dxc4 23. Qxc4 Nd5 24. Qc2 Nf6 25. Bb4 h5 26. Bf1 Qc8 27. Qb1 h4 28. Be7 hxg3 29. hxg3 Ng4 30. Be2 b5 31. Qd1 Nh6 32. d5 Qd7 33. d6 Nf5 34. Bg4 Bc8 35. Qc2 Qe6 36. Qc7 Bd7 37. Qb7 Kh7 38. Qxa6 Qc4 39. Qa3 Qd5 0-1


[Site "https://www.chess.com"]

[Event "Titled Tuesday Blitz March 14 Late 2023"]
[White "Kramnik, Vladimir"]
[Black "Pham, Khoi"]
[WhiteFideId "4101588"]
[BlackFideId "1054988"]
[WhiteElo "2712"]
[BlackElo "2585"]
[Result "1-0"]
[Round "08"]
[TimeControl "180+2"]
[Date "2023.03.14"]
[WhiteClock "0:01:21"]
[BlackClock "0:00:47"]

1. d4 Nf6 2. Nf3 d5 3. e3 c6 4. Bd3 Bg4 5. Nbd2 e6 6. b3 Nbd7 7. Bb2 Be7 8. c4 O-O 9. Qc2 Rc8 10. c5 Re8 11. b4 Bf8 12. Ne5 Bh5 13. f4 Bg6 14. Nxg6 hxg6 15. O-O b6 16. Nf3 Be7 17. a3 Nh7 18. g4 Nhf8 19. g5 f5 20. gxf6 Nxf6 21. Ne5 Ne4 22. Bxe4 dxe4 23. Qxe4 Qd5 24. Qg2 Bf6 25. e4 Qd8 26. Rad1 g5 27. fxg5 Bxg5 28. Nf7 Be3+ 29. Kh1 Qh4 30. d5 1-0


[Site "https://www.chess.com"]

[Event "Titled Tuesday Blitz March 14 Late 2023"]
[White "Lazavik, Denis"]
[Black "Galchenko, Matvey"]
[WhiteFideId "13515110"]
[BlackFideId "24175480"]
[WhiteElo "2560"]
[BlackElo "2404"]
[Result "1-0"]
[Round "08"]
[TimeControl "180+2"]
[Date "2023.03.14"]
[WhiteClock "0:00:59"]
[BlackClock "0:00:11"]

1. d4 Nf6 2. c4 c5 3. d5 e6 4. Nc3 exd5 5. cxd5 d6 6. e4 g6 7. h3 Bg7 8. Bd3 O-O 9. Nf3 b5 10. Bxb5 Nxe4 11. Nxe4 Qa5+ 12. Nfd2 Qxb5 13. Nxd6 Qa6 14. N2c4 Nd7 15. O-O Ne5 16. Nxc8 Raxc8 17. Nxe5 Bxe5 18. Re1 Qd6 19. Qf3 Rfe8 20. Bg5 Bxb2 21. Rab1 c4 22. Rxe8+ Rxe8 23. Bf4 Qf6 24. d6 c3 25. d7 Rd8 26. Re1 c2 27. Bh6 c1=Q 28. Bxc1 Rxd7 29. Bh6 Rd8 30. Qe2 Qe6 31. Qxe6 fxe6 32. Rxe6 Kf7 33. Ra6 Bd4 34. Be3 Bxe3 35. fxe3 Rd7 36. Kf2 Kg7 37. Kf3 Kh6 38. Ra5 Kg7 39. e4 Kf6 40. Kf4 Rb7 41. Ra6+ Kg7 42. h4 Rf7+ 43. Ke5 Kh6 44. g4 Re7+ 45. Kd5 Rd7+ 46. Rd6 Rb7 47. e5 Rb2 48. e6 Rd2+ 49. Kc6 Rxa2 50. e7 Re2 51. Kd7 a5 52. e8=Q 1-0


[Site "https://www.chess.com"]

[Event "Titled Tuesday Blitz March 14 Late 2023"]
[White "Paravyan, David"]
[Black "Christiansen, Johan-Sebastian"]
[WhiteFideId "4194985"]
[BlackFideId "1512668"]
[WhiteElo "2577"]
[BlackElo "2517"]
[Result "1/2-1/2"]
[Round "08"]
[TimeControl "180+2"]
[Date "2023.03.14"]
[WhiteClock "0:00:05"]
[BlackClock "0:00:03"]

1. e4 e5 2. Nf3 Nc6 3. Bb5 f5 4. d3 Nf6 5. O-O fxe4 6. dxe4 Bc5 7. Bxc6 bxc6 8. Nxe5 O-O 9. Nc3 d6 10. Na4 Qe8 11. Nd3 Bg4 12. Qe1 Bd4 13. c3 Bb6 14. Nxb6 axb6 15. f3 Be6 16. Bg5 Bxa2 17. Bxf6 Rxf6 18. Qe3 Bc4 19. Rxa8 Qxa8 20. Re1 Qa2 21. e5 Re6 22. f4 dxe5 23. Nxe5 Qxb2 24. h3 Bd5 25. Re2 Qb1+ 26. Kh2 Qf5 27. Qd4 b5 28. Rf2 Rf6 29. c4 bxc4 30. Ng4 Re6 31. Rb2 h5 32. Ne5 c3 33. Re2 c2 34. Qd2 h4 35. Qc1 Rf6 36. Rxc2 Qxf4+ 37. Qxf4 Rxf4 38. Nxc6 Rc4 39. Rxc4 Bxc4 40. g3 hxg3+ 41. Kxg3 Kf8 42. Kf4 Bd5 43. Ne5 Be6 44. h4 c5 45. Ke4 Ke7 46. Nf3 Kf6 47. Ng5 Ba2 48. Kf4 Kg6 49. Ne4 c4 50. Nc3 Bb3 51. Kg4 Kf6 52. Kf4 Bc2 53. h5 Bd3 54. Nd5+ Ke6 55. Nc3 Kf7 56. Kg5 Ke6 57. Kf4 Kf6 58. Nd5+ Ke6 59. Nc3 1/2-1/2


[Site "https://www.chess.com"]

[Event "Titled Tuesday Blitz March 14 Late 2023"]
[White "Sarana, Alexey"]
[Black "Mahdavi, Reza"]
[WhiteFideId "24133795"]
[BlackFideId "12595926"]
[WhiteElo "2714"]
[BlackElo "2208"]
[Result "1-0"]
[Round "08"]
[TimeControl "180+2"]
[Date "2023.03.14"]
[WhiteClock "0:00:05"]
[BlackClock "0:00:01"]

1. c4 e5 2. Nc3 Bb4 3. Nd5 a5 4. Nf3 d6 5. e3 Nf6 6. Nxb4 axb4 7. d4 Qe7 8. Be2 O-O 9. b3 Bg4 10. O-O c5 11. Bb2 Bxf3 12. Bxf3 Nc6 13. Bxc6 bxc6 14. Qf3 e4 15. Qf5 Qe6 16. Qxe6 fxe6 17. dxc5 dxc5 18. Rfd1 Rfd8 19. a4 bxa3 20. Rxd8+ Rxd8 21. Bxa3 Rb8 22. Bxc5 Rxb3 23. Bd4 Nd7 24. Rd1 e5 25. Ba1 Rd3 26. Rb1 Nb6 27. Bxe5 Nxc4 28. Bd4 Na3 29. Rb8+ Kf7 30. g4 Nb5 31. Rb7+ Ke6 32. Bxg7 Nd6 33. Ra7 c5 34. h4 c4 35. Ra5 Rd5 36. Ra6 Rd3 37. Kf1 Kd5 38. Ra5+ Kc6 39. Ra1 c3 40. h5 Nc4 41. Rc1 Nd2+ 42. Kg2 Kd5 43. Rxc3 Rxc3 44. Bxc3 Nf3 45. Kg3 Ng5 46. Bf6 Ne6 47. g5 Nc5 48. Bd4 Ne6 49. Bf6 Nc5 50. g6 Ke6 51. gxh7 1-0


[Site "https://www.chess.com"]

[Event "Titled Tuesday Blitz March 14 Late 2023"]
[White "Larino Nieto, David"]
[Black "Pranav, V"]
[WhiteFideId "2256444"]
[BlackFideId "25060783"]
[WhiteElo "2506"]
[BlackElo "2500"]
[Result "0-1"]
[Round "08"]
[TimeControl "180+2"]
[Date "2023.03.14"]
[WhiteClock "0:00:02"]
[BlackClock "0:00:48"]

1. e4 e5 2. Nf3 Nc6 3. Nc3 Nf6 4. g3 Bb4 5. Bg2 Bxc3 6. bxc3 d6 7. d3 O-O 8. O-O h6 9. h3 Re8 10. c4 Ne7 11. Nh4 c6 12. f4 exf4 13. Bxf4 Nh7 14. Qh5 Nf6 15. Qf3 Nh7 16. Bxd6 Ng5 17. Qf4 Bxh3 18. c5 Qd7 19. Rf2 f6 20. Bh1 b6 21. d4 bxc5 22. dxc5 Qe6 23. e5 Nd5 24. Bxd5 Qxd5 25. exf6 Be6 26. Kh2 Ne4 27. Raf1 Nxf6 28. Nf5 Bxf5 29. Qxf5 Qxf5 30. Rxf5 Ng4+ 31. Kh3 Ne3 32. g4 Nxf1 33. Rxf1 Re2 34. g5 hxg5 35. Kg4 Rxc2 36. Kh5 Re8 37. Kg6 Re6+ 38. Kxg5 Rg2+ 0-1


[Site "https://www.chess.com"]

[Event "Titled Tuesday Blitz March 14 Late 2023"]
[White "Oro, Faustino"]
[Black "Martinez Alcantara, Jose Eduardo"]
[WhiteFideId "20000197"]
[BlackFideId "3805662"]
[WhiteElo "1984"]
[BlackElo "2712"]
[Result "1-0"]
[Round "08"]
[TimeControl "180+2"]
[Date "2023.03.14"]
[WhiteClock "0:00:13"]
[BlackClock "0:00:13"]

1. Nf3 c5 2. g3 Nc6 3. Bg2 g6 4. O-O Bg7 5. e3 e5 6. c4 Nge7 7. Nc3 O-O 8. d3 d6 9. Rb1 h6 10. a3 a5 11. Nd2 Bf5 12. Qc2 Qd7 13. Nde4 Rad8 14. Nb5 Nc8 15. Bd2 Kh8 16. Nec3 N8e7 17. Rbd1 Bh3 18. Ne4 Bxg2 19. Kxg2 f5 20. Nec3 b6 21. e4 f4 22. f3 h5 23. Nd5 Nxd5 24. exd5 Ne7 25. Nc3 Nf5 26. Ne4 Nd4 27. Qc1 Bh6 28. Bc3 Nf5 29. Bd2 Qe7 30. Rde1 Kh7 31. b4 axb4 32. axb4 Nd4 33. bxc5 bxc5 34. Qc3 Rf7 35. Rf2 Rb8 36. Qa5 Rb3 37. Bc3 Nf5 38. Qa2 Rb6 39. Bd2 Qf8 40. Qa5 Rb8 41. Qa6 Rd8 42. Ba5 fxg3 43. hxg3 Rdd7 44. Bd2 Bxd2 45. Nxd2 Kg7 46. Qa1 Kh7 47. Qd1 Qd8 48. Ne4 Kg7 49. Qd2 Ra7 50. Ng5 Qf6 51. Ne6+ Kg8 52. Ng5 Rf8 53. Ne4 Qe7 54. Rb1 Nd4 55. Qh6 Qg7 56. Qe3 Nf5 57. Qe1 Rd7 58. Ng5 Qf6 59. Ne4 Qe7 60. Rb6 h4 61. Qh1 hxg3 62. Re2 Qg7 63. Ng5 Nd4 64. Re4 Rb7 65. Rxb7 Qxb7 66. Rh4 Qb2+ 67. Kh3 Nf5 68. Rg4 Qf2 69. Ne4 Qe3 70. Rxg6+ Kh7 71. Rg5 Nh6 72. Kxg3 Qf4+ 73. Kf2 Rf5 74. Rxf5 Qxf5 75. Qh4 Qg6 76. Qe7+ Nf7 77. Qxf7+ Qxf7 78. Ng5+ Kg6 79. Nxf7 Kxf7 80. Kg3 Kg6 81. Kg4 Kf6 82. f4 exf4 83. Kxf4 Kg6 84. Ke4 Kf6 85. d4 cxd4 86. Kxd4 Ke7 87. Kc3 Kd7 88. Kb4 Kc7 89. Ka5 Kb7 90. Kb5 Kc7 91. Ka6 Kc8 92. Kb6 Kd7 93. Kb7 Kd8 94. Kc6 Ke7 1-0


[Site "https://www.chess.com"]

[Event "Titled Tuesday Blitz March 14 Late 2023"]
[White "Van Foreest, Jorden"]
[Black "Cardoso Cardoso, Jose Gabriel"]
[WhiteFideId "1039784"]
[BlackFideId "4430492"]
[WhiteElo "2633"]
[BlackElo "2496"]
[Result "1-0"]
[Round "08"]
[TimeControl "180+2"]
[Date "2023.03.14"]
[WhiteClock "0:00:32"]
[BlackClock "0:00:01"]

1. e4 c5 2. Nf3 e6 3. c3 d5 4. exd5 Qxd5 5. d4 Nf6 6. Be3 cxd4 7. cxd4 Bb4+ 8. Nc3 Qa5 9. Qd2 Ne4 10. Qc2 Nxc3 11. Bd2 O-O 12. bxc3 Be7 13. Bd3 h6 14. Qc1 Qa3 15. Bxh6 gxh6 16. Qxh6 Qxc3+ 17. Ke2 f5 18. Rac1 Qb2+ 19. Rc2 Qb6 20. Qg6+ Kh8 21. h4 e5 22. Qh5+ Kg7 23. Rh3 Qh6 24. Rg3+ Kh7 25. Qxh6+ Kxh6 26. Nxe5 Nc6 27. Nxc6 bxc6 28. Rxc6+ Rf6 29. Rc7 Bd6 30. Rc6 Bb7 31. Rxd6 Rxd6 32. Re3 Be4 33. Bxe4 fxe4 34. Rxe4 Rb8 35. f4 Rb2+ 36. Kf3 Rxa2 37. Re3 Rxd4 38. Re6+ Kg7 39. h5 Raa4 40. g3 Ra3+ 41. Kg4 Rdd3 42. Rg6+ Kh7 43. Kh4 a5 44. g4 Rh3+ 45. Kg5 Rab3 46. Rh6+ Kg7 47. Rg6+ Kf7 48. Rf6+ Ke7 49. Ra6 Rb5+ 50. f5 Rg3 51. Ra7+ Kf8 52. h6 Rb4 53. Kf6 Rb6+ 54. Kg5 Rb4 55. h7 Rbxg4+ 56. Kf6 Ke8 57. h8=Q+ 1-0


[Site "https://www.chess.com"]

[Event "Titled Tuesday Blitz March 14 Late 2023"]
[White "Lenderman, Aleksandr"]
[Black "Mirzoev, Azer"]
[WhiteFideId "2021285"]
[BlackFideId "13400304"]
[WhiteElo "2607"]
[BlackElo "2525"]
[Result "0-1"]
[Round "08"]
[TimeControl "180+2"]
[Date "2023.03.14"]
[WhiteClock "0:00:12"]
[BlackClock "0:00:13"]

1. Nf3 d5 2. e3 Nf6 3. c4 c6 4. Nc3 a6 5. Qc2 Bg4 6. Ne5 Bh5 7. cxd5 cxd5 8. Qb3 Ra7 9. d4 e6 10. Bd2 Nbd7 11. Nd3 Be7 12. Be2 Bxe2 13. Nxe2 O-O 14. O-O Ne4 15. Bb4 Bxb4 16. Qxb4 Qb6 17. Qxb6 Nxb6 18. Rfc1 Raa8 19. Rc7 Rab8 20. f3 Nd6 21. Rac1 Rfc8 22. R7c5 Kf8 23. b3 Ke8 24. a4 Nd7 25. Rxc8+ Rxc8 26. Rxc8+ Nxc8 27. Kf2 Nd6 28. Nc5 a5 29. Nf4 b6 30. Ncd3 Ke7 31. Ke2 g5 32. Nh5 f5 33. h3 h6 34. g4 Nf6 35. Ne5 Nxh5 36. gxh5 Nf7 37. Nc6+ Kd6 38. Na7 Nd8 39. Nb5+ Kd7 40. Kd3 Nf7 41. e4 Nd6 42. exd5 exd5 43. Nc3 Ke6 44. Ke3 Ne8 45. Nb5 Nf6 46. Nc7+ Kd6 47. Nb5+ Kd7 48. Nc3 Ke6 49. f4 Nxh5 50. fxg5 hxg5 51. Kf3 Nf6 52. Nb5 Ne4 53. Nc7+ Kd6 54. Ne8+ Kd7 55. Ng7 Nd6 56. Kg3 Ke7 57. Kf3 Kf7 58. Nh5 Ne4 0-1


[Site "https://www.chess.com"]